Map: Paladino Terminal LE

Players

ArrNbe - Winner!

  • Race: Protoss Protoss
  • League: Diamond
  • Spawn Location: 9:00

Musumeci

  • Race: Zerg Zerg
  • League: Diamond
  • Spawn Location: 5:00

VOD

Have the link to the VOD?

Description

Time

  • Played on: March 16, 2017, 2:10 p.m.
  • Length: 3:21
Show
View Real Time Build Order
Export as new Build Order

ArrNbe Protoss - Winner!

Build Orders:  

Get SALT Encoding   

  12  0:01  Probe (Chrono Boost)  
  13  0:11  Probe (Chrono Boost)  
  14  0:18  Pylon  
  14  0:23  Probe (Chrono Boost)  
  15  0:36  Probe (Chrono Boost)  
  15  0:41  Gateway  
  16  0:47  Assimilator  
  17  0:50  Probe (Chrono Boost)  
  17  1:00  Probe (Chrono Boost)  
  18  1:11  Probe (Chrono Boost)  
  19  1:19  Pylon  
  19  1:27  Zealot  
  19  1:29  Cybernetics Core  
  21  1:36  Probe (Chrono Boost)  
  22  1:49  Gateway  
  22  1:54  Zealot  
  24  2:07  Mothership Core (Chrono Boost)  
  26  2:13  Pylon  
  26  2:27  Probe (Chrono Boost)  
  27  2:38  Probe (Chrono Boost)  
  28  2:52  Adept  
  28  3:06  Pylon  
Show
View Real Time Build Order
Export as new Build Order

Musumeci Zerg 

Build Orders: Pool First 

Get SALT Encoding   

  12  0:00  Drone  
  13  0:08  Drone  
  13  0:13  Extractor  
  13  0:15  Drone  
  15  0:32  Spawning Pool  
  14  0:36  Extractor  
  14  0:38  Drone  
  14  0:46  Overlord  
  14  1:17  Hatchery  
  13  1:23  Zergling x2  
  14  1:26  Zergling x2  
  14  1:30  Zergling x2  
  16  1:36  Zergling x2  
  17  1:45  Zergling x2  
  18  1:53  Metabolic Boost  
  18  1:57  Zergling x2  
  19  2:08  Zergling x2  
  20  2:20  Zergling x2  
  21  2:29  Zergling x2  
  23  2:41  Zergling x2  
  23  2:43  Zergling x4  
Tags
 
Add a new tag
Caveats
  • Supply blocks, unpowered buildings, or Contaminate may cause inaccurate times.
  • Supply counts are checked every 10 seconds.